 Dungeon Crawl Stone Soup version 0.31.0-9-g3a7656b989 (webtiles) character file.

Game seed: 9215339686446263924

163 qw the Shooter (level 5, 0/26 HPs)
             Began as a Spriggan Hunter on Feb 3, 2024.
             Slain by a gnoll
             ... wielding a +0 spear
             ... led by a gnoll bouda
              (5 damage)
             ... on level 4 of the Dungeon.
             The game lasted 00:00:49 (2164 turns).

qw the Shooter (Spriggan Hunter)                    Turns: 2164, Time: 00:00:50

Health: 0/26       AC:  2    Str:  7    XL:     5   Next: 20%
Magic:  6/6        EV: 20    Int: 11    God:
Gold:   52         SH:  0    Dex: 20    Spells: 4/4 levels left

rFire   . . .        a - +1 shortbow (flame)
rCold   . . .        (shield currently unavailable)
rNeg    . . .        c - +0 robe
rPois   .            (helmet restricted)
rElec   .            (no cloak)
rCorr   .            (gloves unavailable)
SInv    +            (boots unavailable)
Will    .....        (no amulet)
Stlth   ++           (no ring)
HPRegen 0.24/turn    (no ring)
MPRegen 0.10/turn

%: no passive effects
@: very quick
A: very small, no large weapons, unfitting armour, see invisible, speed 3
a: no special abilities


You were on level 4 of the Dungeon.
You visited 1 branch of the dungeon, and saw 4 of its levels.

You collected 156 gold pieces.
You spent 104 gold pieces at shops.


Innate Abilities, Weirdness & Mutations

You are very small and have problems with some larger weapons.
You are too small for most types of armour.
You have supernaturally acute eyesight. (SInv)
You cover ground extremely quickly. (Speed+++)


   Skills:
 - Level 2.1 Fighting
 + Level 5.3 Ranged Weapons
 - Level 5.1 Dodging
 - Level 1.5 Stealth


You had 4 spell levels left.
You didn't know any spells.
Your spell library was empty.

Inventory:

Hand Weapons
 a - a +1 shortbow of flaming (weapon)
Armour
 c - a +0 robe (worn)
Wands
 i - a wand of flame (13)
 l - a wand of charming (3)
Scrolls
 b - a scroll of identify
Potions
 d - 2 potions of curing {unknown}
 f - a potion of might
 g - a potion of attraction {unknown}
 h - 2 potions of enlightenment
 j - a potion of haste {unknown}
 k - a potion of heal wounds {unknown}

Dungeon Overview and Level Annotations

Branches:
Dungeon (4/15)
 Temple: D:4-7

Altars:
Sif Muna

Shops:
D:3 *


Message History

A quokka comes into view.
You shoot an arrow.
The arrow hits the gnoll but does no damage.
You shoot an arrow. The arrow misses the quokka.
A hobgoblin comes into view.
You shoot an arrow. The arrow hits the quokka.
The arrow burns the quokka.
The quokka is severely wounded.
A gnoll comes into view. It is wielding a +0 flail.
You shoot an arrow. The arrow closely misses the quokka.
You shoot an arrow.
The arrow hits the quokka but does no damage.
The quokka is severely wounded.
The quokka closely misses you.
You shoot an arrow. The arrow misses the quokka.
The arrow hits the hobgoblin but does no damage.
The quokka barely misses you.
You shoot an arrow. The arrow hits the quokka!
The arrow burns the quokka.
You kill the quokka!
A gnoll comes into view. It is wielding a +2 heavy halberd.
You shoot an arrow. The arrow closely misses the hobgoblin.
The gnoll shouts!
The hobgoblin completely misses you.
The gnoll hits you from afar with a +0 spear!
You shoot an arrow. The arrow barely misses the hobgoblin.
The hobgoblin closely misses you.
The gnoll hits you from afar with a +0 spear.
You shoot an arrow. The arrow hits the hobgoblin.
The arrow burns the hobgoblin.
You kill the hobgoblin!
The gnoll misses you.
You shoot an arrow. The arrow hits the gnoll.
The arrow burns the gnoll.
The gnoll is severely wounded.
The gnoll hits you from afar with a +0 spear!
A gnoll bouda comes into view. It is wielding a +0 whip.
The gnoll bouda barks out a call to the hunt!
The gnolls pick up the pace!
The gnoll misses you.
You shoot an arrow. The arrow closely misses the gnoll. x2
The arrow barely misses the gnoll bouda.
The gnoll hits you from afar with a +0 spear.
You die...

. #.... ...g...## ..
..###.... .......# .##
......... ##
......#...###.####..#
..#.## .....#........# #..#
...... .>g...<..#....##...
...... gg......##.......#
.....#####%............##..
#....##..@####.....##..#..
#......#..#.##......##....
##...................#...##
#.................#..#..##
##......................#
#..........#....#.....##
###.................###
#................##
#......[......#.##


You could see a gnoll bouda and 3 gnolls.

Vanquished Creatures
  Natasha (thrice) (D:2)
  2 adders (D:4)
  A dart slug (D:4)
  A ribbon worm (D:2)
  9 ball pythons
  4 endoplasms
  2 giant cockroaches
  9 hobgoblins
  7 jackals
  5 kobolds
  2 quokkas
  7 bats
  3 frilled lizards
  3 goblins
  8 rats
66 creatures vanquished.

Notes
Turn   | Place    | Note
-------+----------+-------------------------------------------
     0 | D:1      | qw the Spriggan Hunter began the quest for the Orb.
     0 | D:1      | Reached XP level 1. HP: 10/10 MP: 2/2
     0 | D:1      | 0 ||| qw: Version: 0.3-a-155-g5e7d8dd
     0 | D:1      | 0 ||| qw: Game counter: 3048
     0 | D:1      | 0 ||| qw: Melee chars always use a shield: true
     0 | D:1      | 0 ||| qw: God list: Okawaru
     0 | D:1      | 0 ||| qw: Allow faded altars: false
     0 | D:1      | 0 ||| qw: Do Orc after clearing Dungeon:15 true
     0 | D:1      | 0 ||| qw: Do second Lair branch before Depths: true
     0 | D:1      | 0 ||| qw: Lair rune preference: random
     0 | D:1      | 0 ||| qw: Goals: Normal
     0 | D:1      | 0 ||| PLANNING D:1-11
    49 | D:1      | Reached skill level 3 in Dodging
   186 | D:1      | Reached XP level 2. HP: 14/14 MP: 3/3
   323 | D:1      | You fall into a shaft and drop 1 floor!
   323 | D:2      | Found a shimmering blue altar of Sif Muna.
   364 | D:2      | 364 ||| READING scroll labelled QISOF RICI.
   406 | D:2      | 406 ||| FLEEEEING.
   407 | D:2      | 407 ||| FLEEEEING.
   408 | D:2      | 408 ||| READING scroll labelled GEP PEUHOAW.
   409 | D:2      | 409 ||| READING scroll labelled ODE YMOHOXKEU.
   409 | D:2      | 409 ||| IDENTIFYING orange potion
   410 | D:2      | 410 ||| READING scroll labelled CUONAGH ROANN.
   413 | D:2      | 413 ||| READING scroll labelled KUASSE LORUOC.
   414 | D:2      | 414 ||| DRINKING 2 smoky clear potions.
   616 | D:2      | Reached XP level 3. HP: 18/18 MP: 4/4
   766 | D:2      | Noticed Natasha
   773 | D:2      | Killed Natasha
   878 | D:2      | 878 ||| READING scroll labelled WAAMUECHYR.
   878 | D:2      | 878 ||| ENCHANTING +0 shortbow.
   879 | D:2      | 879 ||| READING scroll labelled PODAYST RILI.
   879 | D:2      | 879 ||| BRANDING +1 shortbow.
   880 | D:2      | 880 ||| DROPPING scroll of butterflies.
   881 | D:2      | 881 ||| DROPPING potion of berserk rage.
   977 | D:1      | Reached XP level 4. HP: 22/22 MP: 5/5
  1247 | D:1      | 1247 ||| READING scroll of identify.
  1247 | D:1      | 1247 ||| IDENTIFYING blue potion
  1519 | D:2      | Noticed Natasha
  1521 | D:2      | Killed Natasha
  1652 | D:2      | Noticed Natasha
  1654 | D:2      | Killed Natasha
  1796 | D:3      | Reached XP level 5. HP: 26/26 MP: 6/6
  1797 | D:3      | Found Xopages's Assorted Antiques.
  1937 | D:3      | 1937 ||| BUYING crooked bronze wand (104 gold).
  1937 | D:3      | Bought a crooked bronze wand for 104 gold pieces
  1937 | D:3      | 1937 ||| SHOPLISTING moonstone ring (130 gold, have 8).
  1937 | D:3      | 1937 ||| SHOPLISTING runed orcbow (169 gold, have 8).
  1937 | D:3      | 1937 ||| SHOPLISTING scroll labelled NEBRUCK CIOCSA (26
                  | gold, have 8).
  1937 | D:3      | 1937 ||| SHOPLISTING scroll of identify (52 gold, have 8).
  1937 | D:3      | 1937 ||| SHOPLISTING twisted iron wand (104 gold, have 8).
  1937 | D:3      | 1937 ||| SHOPLISTING wand of flame (7) (127 gold, have 8).
  2023 | D:3      | 2023 ||| READING scroll of identify.
  2023 | D:3      | 2023 ||| IDENTIFYING viscous amethyst potion
  2024 | D:3      | 2024 ||| READING scroll labelled KAMMYD ZUCONK.
  2025 | D:3      | 2025 ||| DROPPING potion of degeneration.
  2163 | D:4      | HP: 5/26 [gnoll/+0 spear[a gnoll bouda] (9)]
  2164 | D:4      | Slain by a gnoll

Levels and vault maps discovered:
D:1:      minmay_arrival_loop, layout_loops_ring
D:2:      layout_loops_ring, basic_altar, uniq_natasha
D:3:      layout_rooms, serial_shops, nicolae_shop_peninsula,
          kennysheep_generic_room_14
D:4:      layout_cave_pools, minivault_27, minmay_ruined_shrine,
          uniq_blork_the_orc, uniq_crazy_yiuf_cottage

Skill      XL: |  1  2  3  4 |
---------------+-------------+-----
Dodging        | 3 4 5 |  5.1
Ranged Weapons | 5 |  5.3
Fighting       | 2 |  2.1
Stealth        | |  1.5

Action                     |  1- 3 |  4- 6 || total
---------------------------+-------+-------++-------
   Fire: Shortbow          |   103 |    61 ||   164
    Use: Scroll            |     7 |     3 ||    10
         Potion            |     1 |       ||     1
 Armour: Robe              |     8 |     6 ||    14
  Dodge: Dodged            |    46 |     9 ||    55

Table legend:
 A = Non-vault XP
 B = Vault XP
 C = Vault XP percentage of total XP
 D = Non-vault monster count
 E = Vault monster count
 F = Vault count percentage of total count
                 A         B        C        D         E       F
            +---------+---------+-------+---------+---------+-------
      Total |     198 |      36 |  15.4 |      64 |       2 |   3.0
            +---------+---------+-------+---------+---------+-------
        D:1 |      48 |       0 |   0.0 |      32 |       0 |   0.0
        D:2 |     104 |      35 |  25.2 |      19 |       1 |   5.0
        D:3 |      11 |       1 |   8.3 |       8 |       1 |  11.1
        D:4 |      35 |       0 |   0.0 |       5 |       0 |   0.0
            +---------+---------+-------+---------+---------+-------
